[Event "Early-Titled-Tuesday-Blitz-January-30-2024"]
[Site "Chess.com"]
[Date "2024.01.30"]
[Round "8"]
[White "aksuliini1"]
[Black "Kotofeyca"]
[Result "1-0"]
[WhiteElo "2522"]
[BlackElo "2373"]
[TimeControl "180+1"]
[EndTime "9:28:26 PST"]
[Termination "aksuliini1 won on time"]

1. e4 c5 2. Nf3 d6 3. d4 cxd4 4. Nxd4 Nf6 5. Nc3 a6 6. h3 b5 7. g4 Bb7 8. Bg2 e6 9. g5 b4 10.
gxf6 bxc3 11. fxg7 Bxg7 12. bxc3 Qc7 13. Bb2 Nd7 14. O-O Nc5 15. Qg4 Rg8 16. Qh4 Bxd4 17.
cxd4 Bxe4 18. f3 Bf5 19. dxc5 Qxc5+ 20. Bd4 Qxc2 21. Rf2 Qd3 22. Rc1 Bxh3 23. Rc7 f6 24. Qxh3 1-0

[Event "Early-Titled-Tuesday-Blitz-January-30-2024"]
[Site "Chess.com"]
[Date "2024.01.30"]
[Round "8"]
[White "Mackster23"]
[Black "ural58"]
[Result "1-0"]
[WhiteElo "2653"]
[BlackElo "2448"]
[TimeControl "180+1"]
[EndTime "9:28:27 PST"]
[Termination "Mackster23 won by resignation"]

1. e4 d5 2. exd5 Qxd5 3. Nc3 Qa5 4. d4 Nf6 5. Bd2 Bg4 6. Nf3 Qf5 7. Bd3 Bxf3 8.
gxf3 Qd7 9. Ne4 Nxe4 10. Bxe4 Nc6 11. c3 g6 12. Qb3 Rb8 13. O-O-O Bg7 14. h4 e6 15. h5 Bf6 16. Kb1 Ne7 17. Be3 c6 18. c4 Qc7 19. Qd3 b5 20. cxb5 Rxb5 21. Rc1 O-O 22.
Qxb5 Rb8 23. Qe2 c5 24. Rxc5 Qb6 25. Rc2 a5 26. hxg6 hxg6 27. Qc4 a4 28. Qxa4 Nd5 29. Bxd5 exd5 30. Qc6 Qb4 31. Qxf6 1-0

[Event "Early-Titled-Tuesday-Blitz-January-30-2024"]
[Site "Chess.com"]
[Date "2024.01.30"]
[Round "8"]
[White "Sethu0025"]
[Black "Iskusnyh"]
[Result "1-0"]
[WhiteElo "2864"]
[BlackElo "2667"]
[TimeControl "180+1"]
[EndTime "9:28:33 PST"]
[Termination "Sethu0025 won on time"]

1. d4 d5 2. c4 c6 3. Nf3 Nf6 4. e3 a6 5. Nc3 e6 6. b3 Bb4 7. Bd2 Nbd7 8. Bd3 O-O 9. Qc2 Qe7 10.
O-O e5 11. cxd5 Bxc3 12. d6 Qxd6 13. Bxc3 e4 14. Bxe4 Nxe4 15. Qxe4 Nf6 16. Qe5 Qd5 17.
Qxd5 Nxd5 18. Rfc1 Re8 19. Ne5 f6 20. Nc4 Be6 21.
Bd2 Rad8 22. Ba5 Rd7 23. Nd2 Bf7 24. Nc4 h5 25. h4 Re4 26. f3 Re8 27. Kf2 b5 28.
Nb6 Rde7 29. e4 Nf4 30. Rxc6 Bg6 31. Bd2 Ne6 32. Be3 f5 33. d5 f4 34. Bd2 Nd4 35. Rxg6 1-0

[Event "Early-Titled-Tuesday-Blitz-January-30-2024"]
[Site "Chess.com"]
[Date "2024.01.30"]
[Round "8"]
[White "jk13"]
[Black "RantomOpening"]
[Result "1-0"]
[WhiteElo "2707"]
[BlackElo "2519"]
[TimeControl "180+1"]
[EndTime "9:28:34 PST"]
[Termination "jk13 won by resignation"]

1. e4 c5 2. c3 Nf6 3. e5 Nd5 4. Bc4 Qc7 5. Nf3 e6 6. O-O d6 7. d4 Nc6 8. Re1 cxd4 9. Bxd5 Nxe5 10. Nxe5 dxe5 11. Bb3 Bc5 12. Qh5 g6 13. Qxe5 Qxe5 14.
Rxe5 Bd6 15. Re1 dxc3 16. Nxc3 Bd7 17. Ne4 Be7 18. Bf4 O-O 19. Bd6 Bxd6 20. Nxd6 Bc6 21. Red1 Rfd8 22. f4 Kf8 23. Kf2 Ke7 24. Nc4 Bd5 25. Na5 Rd7 26. Bxd5 exd5 27. Nb3 b6 28. Nd4 Rc8 29. Rac1 Rdc7 30. Rxc7+ Rxc7 31. Ke3 a6 32. Kd3 Kd6 33. Re1 Rc8 34. g4 Rg8 35. a4 h5 36. g5 Kc5 37. Re7 Rf8 38. Rc7+ Kb4 39. b3 b5 40. axb5 axb5 41. Rb7 f6 42. Rxb5+ Ka3 43. Rxd5 fxg5 44. fxg5 Kb2 45. Re5 Rf2 46. Re2+ Rxe2 47. Kxe2 Kc3 48. Ke3 1-0

[Event "Early-Titled-Tuesday-Blitz-January-30-2024"]
[Site "Chess.com"]
[Date "2024.01.30"]
[Round "8"]
[White "Noki102"]
[Black "Martial2008"]
[Result "1-0"]
[WhiteElo "2515"]
[BlackElo "2668"]
[TimeControl "180+1"]
[EndTime "9:28:35 PST"]
[Termination "Noki102 won by resignation"]

1. d4 Nf6 2. Nf3 d5 3. Bf4 c5 4. e3 Nc6 5. Nbd2 Qb6 6. dxc5 Qxb2 7. Rb1 Qc3 8. Bb5 e6 9. O-O Be7 10. e4 O-O 11. e5 Nd7 12. Nb3 Nxc5 13. Bd2 Ne4 14.
Bxc3 Nxc3 15. Qd2 Nxb1 16. Rxb1 a6 17. Bd3 Bd7 18. Nbd4 Nxd4 19. Nxd4 b5 20. f4 g6 21. c3 Rfc8 22. g4 Rc7 23. f5 Rac8 24. Ne2 Bc5+ 25. Kg2 Bc6 26. Kg3 Bd7 27. h4 Bf8 28. h5 exf5 29.
gxf5 gxf5 30. h6 Be7 31. Kh2 Kh8 32. Rg1 Be6 33. Nd4 Rd8 34. Qg2 1-0

[Event "Early-Titled-Tuesday-Blitz-January-30-2024"]
[Site "Chess.com"]
[Date "2024.01.30"]
[Round "8"]
[White "NM_Antelacus"]
[Black "HeroWilczek"]
[Result "1-0"]
[WhiteElo "2254"]
[BlackElo "2446"]
[TimeControl "180+1"]
[EndTime "9:28:35 PST"]
[Termination "NM_Antelacus won by resignation"]

1. e4 e6 2. d4 d5 3. e5 c5 4. c3 Nc6 5. Nf3 Qb6 6. a3 c4 7. Be2 Na5 8. Nbd2 Bd7 9. O-O Ne7 10.
Nh4 Qc7 11. f4 Nc8 12. Bg4 Nb6 13. f5 O-O-O 14. fxe6 fxe6 15. Rf7 Qc6 16. Bh3 g5 17. Nhf3 h6 18. Ne1 Nb3 19. Nxb3 cxb3 20. Qxb3 Rg8 21. g3 g4 22. Bf1 Bg7 23. Nd3 Rdf8 24. Rxf8+ Rxf8 25. Nc5 Be8 26. Bf4 h5 27. a4 Bf7 28. a5 Nc4 29. Bxc4 dxc4 30. Qxc4 h4 31. Qe2 Bh5 32.
b4 hxg3 33. hxg3 Bg6 34. b5 Qd5 35. Qg2 1-0

[Event "Early-Titled-Tuesday-Blitz-January-30-2024"]
[Site "Chess.com"]
[Date "2024.01.30"]
[Round "8"]
[White "Barmen_EV"]
[Black "Kildepiotr"]
[Result "0-1"]
[WhiteElo "2485"]
[BlackElo "2679"]
[TimeControl "180+1"]
[EndTime "9:28:36 PST"]
[Termination "Kildepiotr won on time"]

1. e4 g6 2. d4 Bg7 3. Nc3 c6 4. Be2 d5 5. e5 Nh6 6. h4 f6 7. h5 g5 8. f4 gxf4 9. Bxf4 fxe5 10. Bxe5 Bxe5 11. dxe5 Nf5 12. h6 Ne3 13. Bh5+ Kd7 14.
Qd2 Qb6 15. Na4 Qb4 16. c3 Nxg2+ 17. Qxg2 Qxa4 18. Ne2 Rf8 19. Qg7 Qe4 20. O-O-O Rf2 21. Bg4+ Kc7 22. Qxe7+ Nd7 23. Qd6+ Kb6 24. Bxd7 Rxe2 0-1

[Event "Early-Titled-Tuesday-Blitz-January-30-2024"]
[Site "Chess.com"]
[Date "2024.01.30"]
[Round "8"]
[White "Al_Shima"]
[Black "Djager97"]
[Result "0-1"]
[WhiteElo "2350"]
[BlackElo "2567"]
[TimeControl "180+1"]
[EndTime "9:28:40 PST"]
[Termination "Djager97 won by checkmate"]

1. d4 Nf6 2. Nc3 d5 3. Bf4 a6 4. e3 e6 5. g4 Bb4 6. Bg2 c5 7. g5 Nfd7 8. Ne2 Nc6 9. a3 Bxc3+ 10. bxc3 O-O 11. h4 cxd4 12. cxd4 Qe7 13. h5 e5 14. dxe5 Ndxe5 15. Qxd5 Bg4 16. g6 Rad8 17. gxf7+ Rxf7 18. Qe4 Qc5 19. f3 Bf5 20. Qa4 Bxc2 21. Rc1 Nd3+ 22. Kf1 Nxc1 23. Bd6 Rxd6 24. Qg4 Qxe3 25. h6 Rd1# 0-1

[Event "Early-Titled-Tuesday-Blitz-January-30-2024"]
[Site "Chess.com"]
[Date "2024.01.30"]
[Round "8"]
[White "Slovineanu"]
[Black "Baby_Legs"]
[Result "0-1"]
[WhiteElo "2437"]
[BlackElo "2636"]
[TimeControl "180+1"]
[EndTime "9:28:42 PST"]
[Termination "Baby_Legs won on time"]

1. d4 Nf6 2. Nf3 e6 3. c4 a6 4. e3 d5 5. b3 Bb4+ 6. Nbd2 c5 7.
a3 Bc3 8. Rb1 cxd4 9. exd4 Nc6 10. Bb2 Bxb2 11. Rxb2 dxc4 12. Nxc4 b5 13. Nce5 Bb7 14.
Be2 Nxe5 15. Nxe5 Qa5+ 16. b4 Qxa3 17. Rb3 Qa4 18. O-O Bd5 19. Rc3 Qxb4 20. Qc1 O-O 21. Rg3 Ne4 22. Rg4 Qd2 23. Qxd2 Nxd2 24. Rd1 Ne4 25.
Bf3 Nc3 26. Rd3 Bxf3 27. Rxf3 Nd5 28. h4 f5 29. Rg5 b4 30. h5 Ra7 31. h6 g6 32. Rgg3 a5 33. Rb3 a4 34. Rb1 Rc8 0-1

[Event "Early-Titled-Tuesday-Blitz-January-30-2024"]
[Site "Chess.com"]
[Date "2024.01.30"]
[Round "8"]
[White "amanjazu"]
[Black "PolandHussars"]
[Result "1-0"]
[WhiteElo "2441"]
[BlackElo "2583"]
[TimeControl "180+1"]
[EndTime "9:28:44 PST"]
[Termination "amanjazu won by resignation"]

1. g3 d5 2. Bg2 Nf6 3. f4 e6 4.
Nf3 b5 5. O-O Bb7 6. d3 Nbd7 7.
a3 c5 8. h3 Be7 9. Kh2 Qc7 10.
Qe1 h5 11. Nc3 a6 12. Ng5 Nf8 13. e4 d4 14. Nd1 h4 15. g4 Nxg4+ 16. hxg4 Bxg5 17.
e5 Bxg2 18. Kxg2 Qb7+ 19. Kh3 Be7 20. a4 b4 21. b3 O-O-O 22. a5 Ng6 23. Qe2 Kb8 24.
Nb2 Rd5 25. Nc4 Bd8 26. f5 Ne7 27. Qe4 Bc7 28. Bg5 exf5 29. gxf5 Nc6 30. Qxd5 f6 31.
exf6 gxf6 32. Bxf6 Rf8 33. Nd6 Bxd6 34. Qxd6+ Ka7 35.
Qxc5+ Ka8 36. Qxf8+ 1-0

[Event "Early-Titled-Tuesday-Blitz-January-30-2024"]
[Site "Chess.com"]
[Date "2024.01.30"]
[Round "8"]
[White "EdmundPlayer"]
[Black "blitis"]
[Result "0-1"]
[WhiteElo "2303"]
[BlackElo "2613"]
[TimeControl "180+1"]
[EndTime "9:28:46 PST"]
[Termination "blitis won by checkmate"]

1. Nc3 d5 2. e4 Nf6 3. exd5 Nxd5 4. Ne4 e5 5. Nf3 f5 6. Ng3 e4 7. Nd4 Qf6 8. c3 c5 9. Nb5 a6 10. c4 axb5 11. cxd5 c4 12. f3 Qh4 13. fxe4 fxe4 14. Qh5+ Qxh5 15. Nxh5 Na6 16. b3 Nb4 17. Kf2 Bc5+ 18.
Kg3 Bd6+ 19. Kh4 O-O 20. bxc4 g6 21. Ng3 Be7# 0-1

[Event "Early-Titled-Tuesday-Blitz-January-30-2024"]
[Site "Chess.com"]
[Date "2024.01.30"]
[Round "8"]
[White "FabianoCaruana"]
[Black "lilleper1"]
[Result "1-0"]
[WhiteElo "3072"]
[BlackElo "2919"]
[TimeControl "180+1"]
[EndTime "9:28:51 PST"]
[Termination "FabianoCaruana won by resignation"]

1. e4 c5 2. Nf3 d6 3. Bb5+ Bd7 4. c4 Nf6 5. Nc3 g6 6. O-O Bg7 7. Bxd7+ Nbxd7 8. d4 cxd4 9. Nxd4 O-O 10. Qe2 Qa5 11. Bd2 Qh5 12. Qxh5 Nxh5 13. Nde2 Rac8 14. b3 a6 15.
Rac1 Nc5 16. Be3 Nf6 17. f3 e6 18. Rfd1 Rfd8 19. Kf2 Ne8 20. b4 Nd7 21. Na4 b5 22.
Nb6 Nxb6 23. Bxb6 Rd7 24. c5 Rb7 25. Ba5 dxc5 26. bxc5 Bf8 27. c6 Rbb8 28. c7 Ra8 29. e5 Be7 30. Rd7 Kf8 31. Nd4 Bg5 32. Rd1 Ra7 33. g3 Nxc7 34. f4 Bd8 35. Nc6 1-0

[Event "Early-Titled-Tuesday-Blitz-January-30-2024"]
[Site "Chess.com"]
[Date "2024.01.30"]
[Round "8"]
[White "Alen_Yeremyann"]
[Black "Cambek64"]
[Result "1-0"]
[WhiteElo "2731"]
[BlackElo "2512"]
[TimeControl "180+1"]
[EndTime "9:28:51 PST"]
[Termination "Alen_Yeremyann won on time"]

1. Nf3 b5 2. e3 a6 3. a4 b4 4. a5 Bb7 5. Be2 c5 6. O-O Nf6 7. b3 e6 8. c4 Be7 9. d4 d6 10. Bb2 Nbd7 11. Nbd2 O-O 12. Bd3 Qc7 13. e4 cxd4 14.
Nxd4 Nc5 15. Bc2 d5 16. exd5 exd5 17. Nf5 dxc4 18. Nxc4 Rad8 19. Qc1 Nfe4 20. Qh6 Ne6 21. Nxg7 Bg5 22. Nf5 f6 23. Qh5 Nf4 24. Qg4 h5 25. Nh6+ Kh7 26. Qf5+ Kxh6 27. Bxe4 Bxe4 28. Qxe4 Rfe8 29.
Qf3 Rd3 30. Ne3 1-0

[Event "Early-Titled-Tuesday-Blitz-January-30-2024"]
[Site "Chess.com"]
[Date "2024.01.30"]
[Round "8"]
[White "ejalmedina"]
[Black "RaulPerezGuerra"]
[Result "0-1"]
[WhiteElo "2307"]
[BlackElo "2502"]
[TimeControl "180+1"]
[EndTime "9:28:51 PST"]
[Termination "RaulPerezGuerra won on time"]

1. d4 d5 2. c4 e5 3. dxe5 d4 4. Nf3 Nc6 5. a3 Be6 6. e3 dxe3 7. Qxd8+ Rxd8 8. Bxe3 Nh6 9. h3 Nf5 10. Bg5 Be7 11.
Bxe7 Kxe7 12. Nbd2 Nfd4 13. O-O-O Nxf3 14. Nxf3 Rxd1+ 15. Kxd1 Rd8+ 16. Kc1 Bf5 17. Be2 Be4 18. Re1 Bxf3 19. Bxf3 Ke6 20. Bd5+ Kf5 21. Be4+ Ke6 22. f4 Rd4 23.
Bd5+ Ke7 24. g3 Rd3 25. Rg1 Nd4 26. Bxb7 Rb3 27. Be4 Ne2+ 28. Kc2 Re3 29. Re1 Rxe4 30.
Kd3 Rd4+ 31. Kxe2 Rxc4 32. Rd1 a5 33. Rd2 a4 34. Kd3 Rc6 35. Rc2 Rb6 36. Ke4 c6 37. f5 g6 38. g4 h5 0-1

[Event "Early-Titled-Tuesday-Blitz-January-30-2024"]
[Site "Chess.com"]
[Date "2024.01.30"]
[Round "8"]
[White "jamengrand"]
[Black "DeArron_Fox"]
[Result "0-1"]
[WhiteElo "2259"]
[BlackElo "2466"]
[TimeControl "180+1"]
[EndTime "9:28:51 PST"]
[Termination "DeArron_Fox won by resignation"]

1. e4 c5 2. Nf3 e6 3. d4 cxd4 4. Bg5 Qb6 5. Qxd4 Qxd4 6. Nxd4 a6 7. Nc3 Be7 8. Be3 d6 9. O-O-O Nf6 10. f3 O-O 11. g4 Nbd7 12. g5 Nh5 13. Rg1 b5 14. a3 Bb7 15. Be2 g6 16. Nb3 Rac8 17. Na5 Ba8 18. Rd2 f6 19. gxf6 Rxf6 20. Rgd1 Ne5 21. Rf1 Nf4 22. Bd1 Rcf8 23. Ne2 Nxe2+ 24. Bxe2 Nxf3 25.
Bxf3 Rxf3 26. Rxf3 Rxf3 27. e5 Rxe3 28. exd6 Re1+ 29.
Rd1 Bg5+ 0-1

[Event "Early-Titled-Tuesday-Blitz-January-30-2024"]
[Site "Chess.com"]
[Date "2024.01.30"]
[Round "8"]
[White "olawsson"]
[Black "elchacal664"]
[Result "0-1"]
[WhiteElo "2175"]
[BlackElo "2371"]
[TimeControl "180+1"]
[EndTime "9:28:52 PST"]
[Termination "elchacal664 won on time"]

1. d4 d5 2. c4 e6 3. Nc3 c6 4.
e3 Nf6 5. Nf3 Nbd7 6. Bd3 Bd6 7.
b3 dxc4 8. bxc4 e5 9. O-O O-O 10. Qc2 Re8 11. dxe5 Nxe5 12. Nxe5 Bxe5 13. f4 Bc7 14. h3 Bb6 15. Rf3 g6 16. Kh1 Nh5 17. Ne4 f5 18. Ng5 h6 19. c5 hxg5 20. cxb6 g4 21.
Bc4+ Be6 22. hxg4 Qh4+ 23. Rh3 Qxg4 24. Bb2 Rad8 25. bxa7 Bd5 26. Bxd5+ Rxd5 27. Qc3 Kf7 28. Re1 Ke7 29. Ba3+ Kd7 30. e4 fxe4 0-1

[Event "Early-Titled-Tuesday-Blitz-January-30-2024"]
[Site "Chess.com"]
[Date "2024.01.30"]
[Round "8"]
[White "SantoBlue"]
[Black "GMKrikor"]
[Result "1-0"]
[WhiteElo "2968"]
[BlackElo "2816"]
[TimeControl "180+1"]
[EndTime "9:28:53 PST"]
[Termination "SantoBlue won on time"]

1. e4 e6 2. d4 d5 3. Nd2 c5 4. exd5 Qxd5 5. Ngf3 cxd4 6. Bc4 Qd7 7. O-O Nc6 8. Qe2 a6 9. Nb3 Nf6 10. Rd1 b5 11. Bd3 Bb7 12. a4 Nb4 13. Nbxd4 Nxd3 14. Rxd3 bxa4 15. Bf4 Nd5 16. Bg3 Be7 17. Ne5 Qc8 18. Rxa4 O-O 19. h3 a5 20. Qh5 Nf6 21. Qd1 Ne4 22. Rc4 Qe8 23. Ndc6 Nxg3 24. fxg3 Bf6 25.
Nd7 Be7 26. Nxe7+ Qxe7 27. Nxf8 Qxf8 28. Kh2 Ba6 29. Rc7 Bxd3 30. Qxd3 a4 31. Qf3 Rb8 32.
Qc3 g6 33. Ra7 Rc8 34. Qf3 a3 35. bxa3 Rxc2 36. a4 Rc8 37. a5 h5 38. a6 Qe8 39.
Rb7 Ra8 40. a7 1-0

[Event "Early-Titled-Tuesday-Blitz-January-30-2024"]
[Site "Chess.com"]
[Date "2024.01.30"]
[Round "8"]
[White "GaiozNigalidze"]
[Black "KubaGepard"]
[Result "1-0"]
[WhiteElo "2715"]
[BlackElo "2547"]
[TimeControl "180+1"]
[EndTime "9:28:53 PST"]
[Termination "GaiozNigalidze won by resignation"]

1. d4 Nf6 2. c4 e6 3. Nf3 b6 4. g3 Bb7 5. Bg2 Bb4+ 6. Bd2 c5 7. Bxb4 cxb4 8. O-O O-O 9. Qd3 Qe7 10. Nbd2 d6 11. e3 e5 12. Nh4 Bxg2 13. Kxg2 g6 14. f4 Nbd7 15. fxe5 dxe5 16. Rae1 Rad8 17. Qc2 a5 18. d5 e4 19. Rf4 Nc5 20. Ref1 Rd6 21. Kh1 Nd3 22.
Nxe4 Nxf4 23. Nxd6 N4xd5 24. Ndf5 gxf5 25. cxd5 Nxd5 26. Nxf5 Qe6 27. e4 Nf6 28. Rf4 Rd8 29. Qe2 Qc6 30.
Ne7+ 1-0

[Event "Early-Titled-Tuesday-Blitz-January-30-2024"]
[Site "Chess.com"]
[Date "2024.01.30"]
[Round "8"]
[White "PetrolulSah"]
[Black "vishwa_vijeta"]
[Result "0-1"]
[WhiteElo "2218"]
[BlackElo "2541"]
[TimeControl "180+1"]
[EndTime "9:28:53 PST"]
[Termination "vishwa_vijeta won by resignation"]

1. d4 Nf6 2. g3 g6 3. Bg2 Bg7 4. e4 d6 5. Ne2 O-O 6. O-O c5 7. dxc5 dxc5 8. Nbc3 Nc6 9. Nd5 e6 10. Ndc3 Qe7 11. h3 Rd8 12. Bd2 Nd4 13. Qc1 e5 14. Nd5 Nxe2+ 15. Kh2 Nxd5 16. Qe1 Ndf4 17. gxf4 Nxf4 18. Bxf4 exf4 19. c3 f3 20. Bxf3 Be5+ 21. Kg2 Qh4 22. Rh1 Qg5+ 23. Kf1 Be6 24. Qe3 Bc4+ 25.
Be2 Bf4 26. Qf3 Bxe2+ 27. Qxe2 Rd2 28. Qf3 Rad8 29. Rg1 Qh6 30. Rg4 Be5 31. h4 R8d3 0-1

[Event "Early-Titled-Tuesday-Blitz-January-30-2024"]
[Site "Chess.com"]
[Date "2024.01.30"]
[Round "8"]
[White "RCone"]
[Black "yuriydovzik"]
[Result "1-0"]
[WhiteElo "2396"]
[BlackElo "2205"]
[TimeControl "180+1"]
[EndTime "9:28:57 PST"]
[Termination "RCone won on time"]

1. e4 b6 2. d4 Bb7 3. Bd3 c5 4. Nf3 e6 5. Qe2 Nf6 6. c3 d5 7.
exd5 Nxd5 8. O-O Be7 9. Re1 Nd7 10. Na3 O-O 11. Nc4 cxd4 12. cxd4 N7f6 13. a3 Rc8 14.
Bd2 Qc7 15. Nce5 Qd8 16. Rad1 h6 17. h3 Bd6 18. Bb1 Re8 19. Qd3 Bf8 20. Ng4 g6 21. Nxh6+ Bxh6 22. Bxh6 Nh5 23. Bg5 Ndf4 24. Bxd8 Nxd3 25.
Rxd3 Rexd8 26. Ne5 Nf4 27. Rg3 1-0

[Event "Early-Titled-Tuesday-Blitz-January-30-2024"]
[Site "Chess.com"]
[Date "2024.01.30"]
[Round "8"]
[White "wild3000"]
[Black "nikitadovbnya2008"]
[Result "1-0"]
[WhiteElo "2382"]
[BlackElo "2170"]
[TimeControl "180+1"]
[EndTime "9:28:57 PST"]
[Termination "wild3000 won by checkmate"]

1. a3 d5 2. h4 e5 3. h5 Nc6 4. d3 Be6 5. Nc3 Qd7 6. e4 d4 7. Nce2 Bd6 8. f4 exf4 9. Nf3 f6 10. Nexd4 Bf7 11. Nf5 Kf8 12. Nxd6 Qxd6 13. Bd2 Nh6 14. b4 Ng4 15. b5 Nd4 16. Bb4 Ne3 17. Bxd6+ cxd6 18.
Qc1 Ndxc2+ 19. Kf2 Nxa1 20. Qxa1 Rc8 21. h6 g5 22.
Qxf6 Rg8 23. Nd4 Ke8 24. Be2 Rg6 25. Qh8+ Ke7 26. Qxh7 g4 27. g3 Nc2 28. Nf5+ Kf6 29. gxf4 g3+ 30. Kf3 g2 31. Rg1 d5 32. Rxg2 dxe4+ 33. dxe4 Rc3+ 34. Bd3 Rxd3+ 35. Ke2 Rxa3 36. Rxg6+ Bxg6 37. Qe7# 1-0

[Event "Early-Titled-Tuesday-Blitz-January-30-2024"]
[Site "Chess.com"]
[Date "2024.01.30"]
[Round "8"]
[White "alekroth65"]
[Black "Yushko_Olga"]
[Result "1-0"]
[WhiteElo "2366"]
[BlackElo "2163"]
[TimeControl "180+1"]
[EndTime "9:29:01 PST"]
[Termination "alekroth65 won on time"]

1. d4 e6 2. c4 Nf6 3. Nf3 d5 4. Bg5 Nbd7 5. cxd5 exd5 6. e3 Bb4+ 7. Nc3 O-O 8. Bd3 h6 9. Bh4 c5 10. O-O c4 11. Nxd5 g5 12. Nxb4 cxd3 13. Bg3 Ne4 14. Nxd3 f5 15. Be5 Ndf6 16. Nd2 Nd6 17. Rc1 Be6 18.
b3 a5 19. Nc5 Bf7 20. Bxd6 Qxd6 21. Nxb7 Qd5 22. Nc5 f4 23. Qf3 Qf5 24. exf4 Bd5 25.
Qd3 Qxf4 26. Nc4 Ng4 27. g3 1-0

[Event "Early-Titled-Tuesday-Blitz-January-30-2024"]
[Site "Chess.com"]
[Date "2024.01.30"]
[Round "8"]
[White "GMT4114"]
[Black "Heinza9"]
[Result "0-1"]
[WhiteElo "1947"]
[BlackElo "2307"]
[TimeControl "180+1"]
[EndTime "9:29:02 PST"]
[Termination "Heinza9 won on time"]

1. e4 e5 2. Bc4 Nf6 3. d3 c6 4. Nf3 d5 5. Bb3 Bd6 6. Nc3 h6 7. O-O Be6 8. Re1 Nbd7 9. exd5 cxd5 10. Ba4 O-O 11. Qe2 a6 12. Bb3 Re8 13. Bd2 b5 14.
Qf1 b4 15. Ne2 Nc5 16. h3 Nxb3 17. axb3 Qc7 18. Rec1 Bd7 19. Qe1 a5 20. Ng3 e4 21.
dxe4 dxe4 22. Nd4 Bxg3 23. fxg3 e3 24. Bxe3 Nd5 25. Qf2 Nxe3 26. Re1 Nd5 27. Red1 Nf6 28. g4 Ne4 0-1

[Event "Early-Titled-Tuesday-Blitz-January-30-2024"]
[Site "Chess.com"]
[Date "2024.01.30"]
[Round "8"]
[White "aistrel"]
[Black "rikchessmx"]
[Result "1-0"]
[WhiteElo "2514"]
[BlackElo "2335"]
[TimeControl "180+1"]
[EndTime "9:29:04 PST"]
[Termination "aistrel won by resignation"]

1. d4 Nf6 2. c4 e6 3. Nf3 d5 4. g3 dxc4 5. Qa4+ Nbd7 6. Qxc4 a6 7.
a4 b5 8. Qc2 Bb7 9. axb5 axb5 10.
Rxa8 Qxa8 11. Bg2 Bd6 12. Nc3 c6 13. e4 Bb4 14. O-O O-O 15. e5 Nd5 16. Ng5 g6 17.
Nxd5 cxd5 18. Qe2 Be7 19. h4 b4 20. Re1 Rc8 21. h5 Ba6 22. Qe3 Nb6 23. Nxh7 Kxh7 24. hxg6+ fxg6 25. Qh6+ Kg8 26. Qxg6+ Kh8 27. Qh6+ Kg8 28.
Qxe6+ Kf8 29. Qg6 Rxc1 30. Rxc1 Qb7 31. Rc6 Bd8 32. Re6 Bb5 33. Rd6 Qc7 34. Qh6+ Ke8 35.
Qh8+ Kf7 36. Qxd8 Qxd8 37. Rxd8 Ke7 38. Rd6 Na4 39. b3 Nc3 40. Bxd5 Ne2+ 41. Kg2 Nxd4 42. Bc4 Bxc4 43. bxc4 Ne6 44. Rb6 1-0

[Event "Early-Titled-Tuesday-Blitz-January-30-2024"]
[Site "Chess.com"]
[Date "2024.01.30"]
[Round "8"]
[White "NovozhilovSemen"]
[Black "frederiksvane"]
[Result "0-1"]
[WhiteElo "2672"]
[BlackElo "2926"]
[TimeControl "180+1"]
[EndTime "9:29:05 PST"]
[Termination "frederiksvane won by resignation"]

1. d4 Nf6 2. Nf3 e6 3. e3 b6 4. Bd3 Bb7 5. O-O Be7 6. c4 O-O 7. Nc3 d5 8. b3 dxc4 9. bxc4 c5 10. Bb2 cxd4 11. exd4 Nbd7 12. Qe2 Rc8 13. Rac1 h6 14. Rfd1 Qc7 15. h3 Rfe8 16. Qe3 Qb8 17. Ne5 Nxe5 18. dxe5 Nd7 19. Nb5 Nc5 20. Bc2 Rcd8 21. Qg3 Ne4 22.
Bxe4 Rxd1+ 23. Rxd1 Bxe4 24. Nd6 Rd8 25. Ba3 Bg6 26. Qf3 Qc7 27. Rd4 Bf8 28. h4 h5 29.
Nb5 Qb8 30. Bxf8 Rxf8 31. Qa3 Qxe5 32. Qxa7 Qe1+ 33. Kh2 Qxf2 34. Qxb6 e5 35. Rd6 Qxh4+ 36. Kg1 Qe1+ 37. Kh2 h4 38. Qc6 Be4 0-1

[Event "Early-Titled-Tuesday-Blitz-January-30-2024"]
[Site "Chess.com"]
[Date "2024.01.30"]
[Round "8"]
[White "akinov-akinseye"]
[Black "familijatop71"]
[Result "0-1"]
[WhiteElo "1910"]
[BlackElo "2238"]
[TimeControl "180+1"]
[EndTime "9:29:05 PST"]
[Termination "familijatop71 won by resignation"]

1. d4 Nf6 2. Nf3 g6 3. e3 Bg7 4.
Bd3 O-O 5. c3 d6 6. O-O c5 7.
Nbd2 cxd4 8. cxd4 Re8 9. e4 e5 10. Nb3 b6 11. Bg5 Nbd7 12. Re1 h6 13. Be3 Kh7 14. Qd2 Ng4 15. d5 Nxe3 16. Qxe3 Nc5 17. Nxc5 bxc5 18. Bb5 Rf8 19. Rac1 Rb8 20. a4 a6 21. Bc6 Rxb2 22. Qc3 Rb4 23. Rb1 a5 24. Nd2 f5 25. f3 fxe4 26. Nxe4 Bf5 27. Qd3 Bxe4 28.
fxe4 Qf6 29. Qe2 Qg5 30. h3 Rfb8 31. Rf1 Rxb1 0-1

[Event "Early-Titled-Tuesday-Blitz-January-30-2024"]
[Site "Chess.com"]
[Date "2024.01.30"]
[Round "8"]
[White "KhazhatulyAlikhan"]
[Black "DefiantChair"]
[Result "0-1"]
[WhiteElo "2403"]
[BlackElo "2589"]
[TimeControl "180+1"]
[EndTime "9:29:06 PST"]
[Termination "DefiantChair won on time"]

1. e4 c5 2. Nf3 d6 3. d4 cxd4 4. Nxd4 Nf6 5. Nc3 a6 6. Be2 e5 7.
Nb3 Be7 8. O-O O-O 9. Be3 Be6 10. h3 Nbd7 11. Qd2 Rc8 12. Rad1 Qc7 13. Kh1 b5 14. f4 b4 15. Nd5 Bxd5 16. exd5 Qxc2 17. Bxa6 Qxd2 18.
Bxd2 Ra8 19. Bb5 Rxa2 20. Bxb4 Rxb2 21. Rf3 Rb8 22. Bxd7 Nxd7 23. Na5 R2xb4 24. Nc6 Rb1 25. Rxb1 Rxb1+ 26. Kh2 Bf6 27. Ra3 h5 28. Ra7 Nc5 29.
Ra8+ Kh7 30. Rf8 exf4 31. Rxf7 Ne4 32. g3 Rb2+ 33. Kg1 f3 34. g4 Rg2+ 35. Kf1 Ng3+ 36. Ke1 f2+ 37. Kd2 f1=Q+ 38. Ke3 Re2+ 39. Kd3 Qd1+ 40.
Kc4 Qc2+ 41. Kb5 Qc5+ 42. Ka6 Rb2 0-1

[Event "Early-Titled-Tuesday-Blitz-January-30-2024"]
[Site "Chess.com"]
[Date "2024.01.30"]
[Round "8"]
[White "GelmanAlexander"]
[Black "FREDERICKtheMATE"]
[Result "1-0"]
[WhiteElo "2790"]
[BlackElo "2584"]
[TimeControl "180+1"]
[EndTime "9:29:07 PST"]
[Termination "GelmanAlexander won by checkmate"]

1. c4 c5 2. Nf3 g6 3. d3 Bg7 4.
e3 Nf6 5. Be2 O-O 6. O-O Nc6 7. a3 d5 8. cxd5 Nxd5 9. Qc2 Qd6 10.
Nbd2 b6 11. Ne4 Qc7 12. Bd2 Rd8 13. Rac1 Bb7 14. Qb1 Rac8 15. h3 e5 16. Rfd1 Qe7 17. Ng3 h5 18. Qc2 h4 19. Ne4 f5 20. Qb3 Kh8 21.
Nc3 Nc7 22. Nb5 Nxb5 23. Qxb5 Bf6 24. b4 cxb4 25. axb4 Qg7 26. Qa4 Ba8 27. b5 Nb8 28. Nxh4 e4 29. Rxc8 Rxc8 30. g3 Bxh4 31. gxh4 exd3 32.
Bxd3 Qb7 33. Qd4+ Kh7 34. e4 fxe4 35. Bb1 e3 36. Bxg6+ Kxg6 37. Qg4+ Kh7 38. Qf5+ Kh8 39. Bc3+ Rxc3 40. Rd8+ Kg7 41. Qf8+ Kh7 42. Qg8+ Kh6 43. Rd6+ Kh5 44. Qg5# 1-0

[Event "Early-Titled-Tuesday-Blitz-January-30-2024"]
[Site "Chess.com"]
[Date "2024.01.30"]
[Round "8"]
[White "DenLaz"]
[Black "Korchmar_Vasiliy"]
[Result "1-0"]
[WhiteElo "3041"]
[BlackElo "2710"]
[TimeControl "180+1"]
[EndTime "9:29:07 PST"]
[Termination "DenLaz won on time"]

1. d4 d5 2. c4 c6 3. Nf3 Nf6 4. g3 g6 5. Bg2 Bg7 6. O-O O-O 7. b3 Bf5 8. Bb2 Nbd7 9. Nbd2 Ne4 10. Nh4 Nxd2 11.
Qxd2 Be6 12. e4 dxe4 13. Bxe4 Nf6 14. Bg2 Qd7 15. Nf3 Bh3 16. Ne5 Qf5 17. Rfe1 Bxg2 18.
Kxg2 Rad8 19. Qe2 Rfe8 20. Rad1 Nd7 21. Nf3 e6 22. h3 b5 23. Rc1 Nb6 24. cxb5 Qxb5 25.
Rc5 Qxe2 26. Rxe2 Rd6 27. Rec2 Rc8 28. Ba3 Bxd4 29. Ra5 Rd7 30. Nxd4 Rxd4 31. Rxa7 Nd5 32. Bb2 Rd1 33. Rxc6 Re8 34. Rca6 f6 35. Ra8 Rxa8 36.
Rxa8+ Kf7 37. Ra7+ Kg8 38. a4 Rb1 39. Bd4 Rxb3 40.
a5 Ra3 41. a6 Ra4 42. Ra8+ Kg7 43. a7 e5 44. Bc5 Ra5 45. Rc8 1-0